 Dungeon Crawl Stone Soup version 0.29-a0-322-g68df515428 (webtiles) character file.

Game seed: 4914999936241858334

46 jisko22 the Skirmisher (level 3, 0/33 HPs)
             Began as a Hill Orc Fighter on Apr 10, 2022.
             Slain by an orc
             ... wielding a +0 trident
              (1 damage)
             ... on level 3 of the Dungeon.
             The game lasted 00:03:54 (2392 turns).

jisko22 the Skirmisher (Hill Orc Fighter)           Turns: 2392, Time: 00:03:55

Health: 0/33       AC:  7    Str: 20    XL:     3   Next: 68%
Magic:  3/3        EV:  9    Int:  8    God:
Gold:   123        SH:  0    Dex: 10    Spells: 2/2 levels left

rFire   . . .      SeeInvis .   w - +0 battleaxe
rCold   . . .      Faith    .   (shield currently unavailable)
rNeg    . . .      Spirit   .   b - +0 scale mail
rPois   .          Reflect  .   (no helmet)
rElec   .          Harm     .   (no cloak)
rCorr   .          Rampage  .   (no gloves)
Will    .....                   (no boots)
Stlth   ..........              (no amulet)
HPRegen 0.11/turn               (no ring)
MPRegen 0.08/turn               (no ring)

@: mighty
A: no striking features
a: Convert to Beogh


You were on level 3 of the Dungeon.
You visited 1 branch of the dungeon, and saw 3 of its levels.

You collected 123 gold pieces.

Inventory:

Hand Weapons
 a - a +0 war axe
 w - a +0 battleaxe (weapon)
Missiles
 m - 53 stones
 t - 5 boomerangs (quivered)
 v - a throwing net
Armour
 b - a +0 scale mail (worn)
 c - a +0 buckler
Jewellery
 u - an amulet of the acrobat
Scrolls
 f - a scroll of noise {unknown}
 h - a scroll of fear {unknown}
 i - a scroll of magic mapping {unknown}
 j - a scroll of vulnerability {unknown}
 k - a scroll of enchant armour {unknown}
 n - 3 scrolls of teleportation {unknown}
 o - a scroll of blinking {unknown}
 p - 3 scrolls of identify {unknown}
 q - 2 scrolls of immolation {unknown}
Potions
 e - 2 potions of heal wounds {unknown}
 g - 2 potions of haste {unknown}
 l - 2 potions of curing {unknown}
 r - a potion of magic {unknown}
 s - 3 potions of mutation {unknown}
 x - a potion of cancellation {unknown}


   Skills:
 + Level 4.0 Fighting
 * Level 3.8 Axes
 + Level 0.2 Throwing
 + Level 3.7 Armour
 - Level 3.6 Shields


You had 2 spell levels left.
You didn't know any spells.
Your spell library contained the following spells:

 Spells                   Type           Power      Damage    Failure   Level
 Animate Skeleton         Necr           0%         N/A       77%         1
 Apportation              Tloc           0%         N/A       77%         1
 Magic Dart               Conj           0%         1d3       77%         1
 Summon Small Mammal      Summ           0%         N/A       77%         1
 Call Imp                 Summ           0%         N/A       88%         2
 Mephitic Cloud           Conj/Pois/Air  0%         N/A       98%         3
 Alistair's Intoxication  Tmut/Pois      0%         N/A       100%        5


Dungeon Overview and Level Annotations

Branches:
Dungeon (3/15)

Altars:


Message History

An orc comes into view. It is wielding a +0 trident.
The ball python bites you. The ball python grabs you.
The ball python constricts you.
You barely miss the ball python.
The ball python bites you but does no damage.
The ball python constricts you.
You closely miss the ball python. The ball python bites you.
The ball python constricts you.
The ball python bites you but does no damage.
The ball python constricts you.
You barely miss the ball python.
The ball python bites you but does no damage.
The ball python constricts you.
The ball python bites you but does no damage.
The ball python constricts you.
You closely miss the ball python. The ball python barely misses you.
The ball python constricts you.
The orc hits you from afar with a +0 trident.
The ball python bites you but does no damage.
The ball python constricts you.
You feel very mighty all of a sudden.
The orc grunts loudly.
The orc hits you but does no damage.
The orc priest casts a cantrip, but nothing happens.
The ball python bites you but does no damage.
The ball python constricts you.
You closely miss the ball python. The ball python bites you.
The ball python constricts you.
The orc hits you from afar with a +0 trident!
The ball python bites you but does no damage.
The ball python constricts you.
The orc hits you from afar with a +0 trident.
You hit the ball python.
You kill the ball python!
The orc priest invokes the aid of Beogh against you.
Beogh smites you!
* * * LOW HITPOINT WARNING * * *
An orc opens the door.
The orc hits you from afar with a +0 trident.
You die...

#.#.# ...... #.#.# ... ..
#.#.# #.# .# #.#.#####.#
.#
#.#####.#.......##.#####
........................
#.####.#.#........#.#####
#>...oo†.................
#.#..#.#@#.######.#.#####
#.<. #.#.#.# #.#.# #..
#S#.#.# #.#.# ### #.
#.#'#+# #.#.. .. # #...o
#.####### #o... #........
#.... ###...... )....
#...... #......


You could see an orc priest and 2 orcs.

Vanquished Creatures
  A dart slug (D:2)
  3 bats
  2 endoplasms
  2 giant cockroaches (D:1)
  5 goblins
  2 hobgoblins
  3 jackals (D:1)
  6 quokkas
  5 ball pythons
  5 kobolds
  7 rats
41 creatures vanquished.

Notes
Turn   | Place    | Note
-------+----------+-------------------------------------------
     0 | D:1      | jisko22 the Hill Orc Fighter began the quest for the Orb.
     0 | D:1      | Reached XP level 1. HP: 19/19 MP: 1/1
   365 | D:1      | Reached XP level 2. HP: 27/27 MP: 2/2
  1119 | D:1      | Reached XP level 3. HP: 33/33 MP: 3/3
  1410 | D:2      | Reached skill level 4 in Fighting
  2192 | D:2      | Found a faded altar of an unknown god.
  2392 | D:3      | HP: 1/33 [orc priest/divine providence (12)]
  2392 | D:3      | Slain by an orc

Illustrated notes

Levels and vault maps discovered:
D:1:      dpeg_arrival_subterranean_lakeside_camping, layout_basic
D:2:      layout_rooms, ebering_ecumenical_altar_sacrificial,
          minmay_misc_feat_square, grunt_decor_clamped
D:3:      layout_basic

Skill      XL: |  1  2  3 |
---------------+----------+-----
Axes           | 3 |  3.8
Fighting       | 4 |  4.0
Throwing       | |  0.2
Armour         | |  3.7
Shields        | |  3.6

Action                   || total
-------------------------++-------
Melee: War axe           ||    98
       Battleaxe         ||    16
  Use: Potion            ||     1
Armor: Scale mail        ||    62
Dodge: Dodged            ||    56
Block: Buckler           ||    16

Table legend: (Time is in decaauts)
 A = Elapsed time spent in this place.
 B = Non-inter-level travel time spent in this place.
 C = Inter-level travel time spent in this place.
 D = Time resting spent in this place.
 E = Time spent auto-exploring this place.
 F = Levels seen in this place.
 G = Mean time per level.
                   A        B        C        D        E       F      G
               +--------+--------+--------+--------+--------+-----+--------+
         Total |   2436 |   2389 |     47 |    846 |   1170 |   3 |  812.0 |
       Dungeon |   2436 |   2389 |     47 |    846 |   1170 |   3 |  812.0 |
               +--------+--------+--------+--------+--------+-----+--------+

Top non-repeatable levels by time:
     D:1: 1344 daAuts
     D:2: 941 daAuts
     D:3: 151 daAuts
